 Dungeon Crawl Stone Soup version 0.16.2-2-g470672f (webtiles) character file.

3544 FruitAndGarbage the Magician (level 9, -2/52 HPs)
             Began as a Deep Elf Air Elementalist on Aug 25, 2015.
             Was a Believer of Kikubaaqudgha.
             Slain by a manticore (9 damage)
             ... on level 8 of the Dungeon.
             The game lasted 00:38:12 (7909 turns).

FruitAndGarbage the Magician (DEAE)                 Turns: 7909, Time: 00:38:12

Health: -2/52      AC:  8    Str:  7    XL:     9   Next: 82%
Magic:  0/28       EV: 16    Int: 28    God:    Kikubaaqudgha [**....]
Gold:   403        SH:  0    Dex: 17    Spells: 8 memorised, 2 levels left

rFire  + . .     SeeInvis .     p - +3 short sword (venom)
rCold  . . .     Clarity  .     E - +2 robe {rF+}
rNeg   + . .     SustAb   .     (no shield)
rPois  +         Gourm    .     y - +0 helmet
rElec  .         Spirit   .     s - +0 cloak
rCorr  .         Warding  .     o - +1 pair of gloves
rMut   .         Stasis   .     (no boots)
MR     .....                    (no amulet)
Stlth  ++........               j - ring "Pnisiunn" {rPois rN+ Str+2 Dex+2 Stlth-}
                                O - +4 ring of intelligence

@: manticore barbs, repel missiles, not resistant to hostile enchantments,
unstealthy
A: no striking features
a: Receive Corpses, Renounce Religion


You were on level 8 of the Dungeon.
You worshipped Kikubaaqudgha.
Kikubaaqudgha was pleased with you.
You were not hungry.

You visited 2 branches of the dungeon, and saw 9 of its levels.

You collected 403 gold pieces.

Inventory:

Hand weapons
 p - a +3 short sword of venom (weapon)
 r - a +4 quarterstaff of chaos
Armour
 o - a +1 pair of gloves (worn)
 s - a +0 cloak (worn)
 y - a +0 helmet (worn)
 E - a +2 robe of fire resistance (worn)
Magical staves
 f - an uncursed staff of fire
Jewellery
 j - the ring "Pnisiunn" (right hand) {rPois rN+ Str+2 Dex+2 Stlth-}
   (You took it off a goblin on level 5 of the Dungeon)

   [ring of loudness]

   It affects your strength (+2).
   It affects your dexterity (+2).
   It protects you from poison.
   It protects you from negative energy.
   It makes you less stealthy.
 q - a +6 ring of evasion
 A - an uncursed ring of protection from fire
 H - an uncursed ring of teleportation
 I - a +3 ring of intelligence
 O - a +4 ring of intelligence (left hand)
Magical devices
 t - a wand of slowing (48)
Scrolls
 e - 4 scrolls of remove curse
 h - 4 scrolls of noise
 i - 12 scrolls of identify
 n - 5 scrolls of enchant armour
 v - 2 scrolls of fog
 x - a scroll of enchant weapon
 G - 3 scrolls of teleportation
 M - a scroll of amnesia
Potions
 k - a potion of brilliance
 l - 3 potions of restore abilities
 B - 2 potions of resistance
 F - 2 potions of might
 J - a potion of agility
 K - a potion of flight
 N - a potion of poison {unknown}
Books
 a - Kikubaaqudgha's Guide on Evil
   (Kikubaaqudgha gifted it to you on level 6 of the Dungeon)

   Spells                             Type                      Level
   a - Animate Skeleton               Necromancy                   1
   b - Corpse Rot                     Necromancy                   2
   c - Sublimation of Blood           Necromancy                   2
   d - Regeneration                   Charms/Necromancy            3
   e - Control Undead                 Necromancy                   4
 b - a book of Air

   Spells                             Type                      Level
   a - Shock                          Conjuration/Air              1
   b - Swiftness                      Charms/Air                   2
   c - Repel Missiles                 Charms/Air                   2
   d - Flight                         Charms/Air                   3
   e - Static Discharge               Conjuration/Air              3
   f - Lightning Bolt                 Conjuration/Air              5
 w - a book of Enchantments

   Spells                             Type                      Level
   a - Tukima's Dance                 Hexes                        3
   b - Cause Fear                     Hexes                        4
   c - Silence                        Hexes/Air                    5
   d - Deflect Missiles               Charms/Air                   6
   e - Haste                          Charms                       6
   f - Discord                        Hexes                        8
 D - a book of Ice

   Spells                             Type                      Level
   a - Ice Form                       Ice/Transmutation            4
   b - Metabolic Englaciation         Hexes/Ice                    5
   c - Ozocubu's Refrigeration        Ice                          6
   d - Bolt of Cold                   Conjuration/Ice              6
   e - Freezing Cloud                 Conjuration/Ice/Air          6
   f - Simulacrum                     Ice/Necromancy               6
Comestibles
 c - 6 bread rations
 d - 3 beef jerkies
 g - 2 royal jellies
 m - 3 meat rations
 z - 2 slices of pizza
 C - 4 fruits
 L - 20 chunks of flesh


   Skills:
 * Level 3.8 Fighting
 * Level 3.7 Armour
 * Level 6.2 Dodging
 + Level 3.4 Stealth
 + Level 7.7 Spellcasting
 + Level 5.8 Conjurations
 * Level 6.2 Charms
 * Level 2.9 Necromancy
 * Level 2.5 Transmutations
 * Level 2.5 Ice Magic
 + Level 5.9 Air Magic


You had 2 spell levels left.
You knew the following spells:

 Your Spells              Type           Power        Failure   Level  Hunger
a - Shock                 Conj/Air       ####         1%          1    None
b - Repel Missiles        Chrm/Air       #####.       1%          2    None
c - Swiftness             Chrm/Air       #####...     1%          2    None
d - Static Discharge      Conj/Air       #####...     1%          3    None
e - Lightning Bolt        Conj/Air       #####.....   14%         5    ####...
f - Flight                Chrm/Air       #####.....   1%          3    None
g - Ice Form              Ice/Trmt       ###.....     21%         4    ##.....
h - Animate Skeleton      Necr           N/A          1%          1    None


Dungeon Overview and Level Annotations

Branches:
Dungeon (8/15)             Temple (1/1) D:6
   Lair: D:8-11

Altars:
Ashenzari
Cheibriados
Dithmenos
Elyvilon
Fedhas
Gozag
Kikubaaqudgha
Makhleb
Nemelex Xobeh
Okawaru
Qazlal
Ru
Sif Muna
Trog
Vehumet
Xom
Yredelemnul
Zin
The Shining One

Annotations:
D:2 Terence


Message History

Press: ? - help, Shift-Dir - straight line, f/p - manticore
Aim: a manticore (heavily wounded)
You hear a mighty clap of thunder!
The bolt of lightning hits the manticore.
The manticore is severely wounded.
You hear a shout!
The manticore completely misses you. The manticore misses you.
The manticore claws you.
* * * LOW HITPOINT WARNING * * *
Casting: Lightning Bolt
Confirm with . or Enter, or press ? or * to list all spells.
Aiming: Lightning Bolt
Press: ? - help, Shift-Dir - straight line, f/p - manticore
Aim: a manticore (severely wounded)
You hear a mighty clap of thunder!
The bolt of lightning hits the manticore.
The manticore is severely wounded.
The manticore misses you. The manticore claws you!
You die...
Kikubaaqudgha rasps: "You have failed me!
Welcome... death!"

...####.# ...........
#............ . .
#............. ....
#....?...?.... .....
#............. .....?
#.............# .....
#H##+# ##+# #...
##@##.##+##.>###...
#ZZZ...............
#.ZZ...............
#..................
#..................
##...###.....####+#
##...###.....##...#
#............#.....
.................+.....


You could see a manticore, a friendly rat skeleton, 2 friendly giant frog
skeletons, a friendly ogre skeleton and a friendly two-headed ogre skeleton.

Vanquished Creatures
  Pikel (D:4)
  A two-headed ogre (D:8)
  Menkaure (D:6)
  An orc warrior (D:6)
  A phantom (D:4)
  3 ogres
  An ice beast (D:6)
  A black bear (D:6)
  6 giant frogs
  The ghost of Morgon the Cutter, an average VSEn (D:3)
  2 scorpions (D:7)
  6 killer bees
  A giant frog zombie (D:7)
  5 orc priests
  A crimson imp (D:6)
  A hound (D:6)
  2 goliath beetles
  A centaur zombie (D:8)
  Crazy Yiuf (D:2)
  A giant frog skeleton (D:4)
  An iguana (D:7)
  8 worker ants
  13 orc wizards
  Ijyb (D:3)
  A hound zombie (D:7)
  Robin (D:3)
  10 adders
  2 shadow imps (D:5)
  2 giant mites (D:5)
  2 worms
  2 adder skeletons (D:4)
  5 giant geckos
  An ooze (D:2)
  28 orcs
  A bat skeleton (D:4)
  3 giant cockroaches
  11 hobgoblins
  9 jackals
  6 kobolds
  2 quokkas
  A ball python (D:2)
  7 bats
  A giant gecko skeleton (D:4)
  A giant gecko zombie (D:7)
  2 giant newts (D:1)
  16 goblins
  A jackal skeleton (D:4)
  7 rats
  A fungus (D:2)
184 creatures vanquished.

Vanquished Creatures (collateral kills)
  Blork the orc (D:8)
  A hound (D:8)
  A bat (D:8)
  A rat (D:8)
4 creatures vanquished.

Vanquished Creatures (others)
  A slave (D:6)
  An adder (D:4)
  An orc (D:4)
  A bat skeleton (D:8)
  A hobgoblin (D:6)
  2 bats (D:4)
  A hobgoblin skeleton (D:7)
  4 orc skeletons
12 creatures vanquished.

Grand Total: 200 creatures vanquished

Notes
Turn   | Place    | Note
--------------------------------------------------------------
     0 | D:1      | FruitAndGarbage, the Deep Elf Air Elementalist, began the quest for the Orb.
     0 | D:1      | Reached XP level 1. HP: 10/10 MP: 5/5
   719 | D:2      | Reached XP level 2. HP: 15/15 MP: 3/8
   793 | D:2      | Learned a level 2 spell: Repel Missiles
   796 | D:2      | Learned a level 2 spell: Swiftness
  1136 | D:2      | Noticed Terence
  1245 | D:2      | Reached XP level 3. HP: 18/20 MP: 4/11
  1250 | D:2      | Learned a level 3 spell: Static Discharge
  1855 | D:2      | Noticed Crazy Yiuf
  1863 | D:2      | Killed Crazy Yiuf
  1863 | D:2      | Reached skill level 1 in Fighting
  1863 | D:2      | Reached skill level 1 in Charms
  1863 | D:2      | Reached XP level 4. HP: 15/25 MP: 6/14
  1960 | D:3      | Noticed Morgon's ghost (average VSEn)
  1968 | D:3      | Killed Morgon's ghost
  1968 | D:3      | Reached XP level 5. HP: 22/29 MP: 3/16
  2282 | D:3      | Reached skill level 1 in Armour
  2289 | D:3      | Noticed Robin
  2299 | D:3      | Killed Robin
  2435 | D:3      | Found a sparkling altar of Nemelex Xobeh.
  2556 | D:3      | Reached skill level 4 in Spellcasting
  2702 | D:3      | Noticed Ijyb
  2713 | D:3      | Killed Ijyb
  3043 | D:3      | Reached XP level 6. HP: 34/34 MP: 17/20
  3050 | D:3      | Learned a level 5 spell: Lightning Bolt
  3212 | D:4      | Found a sacrificial altar of Ru.
  3547 | D:4      | Noticed Pikel
  3556 | D:4      | Killed Pikel
  3556 | D:4      | Reached skill level 5 in Spellcasting
  3556 | D:4      | Reached XP level 7. HP: 12/40 MP: 1/23
  3561 | D:4      | Learned a level 3 spell: Flight
  4105 | D:4      | Found a blossoming altar of Fedhas.
  4387 | D:5      | Entered Level 5 of the Dungeon
  4431 | D:5      | Reached XP level 8. HP: 45/45 MP: 20/24
  4597 | D:5      | Found a blossoming altar of Fedhas.
  5101 | D:5      | Got a steaming platinum ring
  5103 | D:5      | Identified the ring "Pnisiunn" {rPois rN+ Str+2 Dex+2 Stlth-} (You took it off a goblin on level 5 of the Dungeon)
  5228 | D:6      | Found a staircase to the Ecumenical Temple.
  5237 | Temple   | Entered the Ecumenical Temple
  5246 | Temple   | Became a worshipper of Kikubaaqudgha
  5361 | D:6      | Reached skill level 6 in Spellcasting
  5361 | D:6      | Reached skill level 5 in Conjurations
  5531 | D:6      | Noticed Menkaure
  5536 | D:6      | Killed Menkaure
  5585 | D:6      | Reached skill level 1 in Necromancy
  5661 | D:6      | Reached skill level 5 in Charms
  5723 | D:6      | Reached skill level 5 in Air Magic
  6143 | D:6      | Acquired Kikubaaqudgha's first power
  6143 | D:6      | Received a gift from Kikubaaqudgha
  6144 | D:6      | Identified Kikubaaqudgha's Guide on Evil (Kikubaaqudgha gifted it to you on level 6 of the Dungeon)
  6150 | D:6      | Learned a level 4 spell: Ice Form
  6338 | D:7      | Reached skill level 5 in Dodging
  6338 | D:7      | Reached XP level 9. HP: 43/50 MP: 0/27
  6360 | D:6      | Learned a level 1 spell: Animate Skeleton
  6479 | D:7      | Reached skill level 1 in Transmutations
  6989 | D:7      | Reached skill level 7 in Spellcasting
  7075 | D:7      | Acquired Kikubaaqudgha's second power
  7107 | D:6      | Reached skill level 1 in Ice Magic
  7818 | D:8      | Noticed Blork the orc
  7828 | D:8      | Killed Blork the orc
  7898 | D:8      | Noticed a manticore
  7909 | D:8      | Slain by a manticore

Action                   |  1- 3 |  4- 6 |  7- 9 || total
-------------------------+-------+-------+-------++-------
Melee: Dagger            |    26 |    15 |     2 ||    43
       Short sword       |       |       |    50 ||    50
 Cast: Shock             |    69 |   112 |   237 ||   418
       Swiftness         |     1 |     2 |     2 ||     5
       Static Discharge  |       |    20 |    51 ||    71
       Repel Missiles    |       |     1 |     1 ||     2
       Animate Skeleton  |       |       |    14 ||    14
       Lightning Bolt    |       |       |     4 ||     4
  Use: Potion            |     4 |     3 |     5 ||    12
       Scroll            |       |       |    13 ||    13
 Stab: Sleeping          |       |     1 |     2 ||     3
  Eat: Chunk             |     3 |     6 |    15 ||    24
